 Dungeon Sprint DCSS version 0.22-a0-412-g2b68d144a4 (webtiles) character file.

51 Denreik the Blocker (level 4, -13/35 HPs)
             Began as a Formicid Fighter on May 12, 2018.
             Was an Initiate of Makhleb.
             Mangled by a two-headed ogre
             ... wielding a +0 giant spiked club
              (24 damage)
             ... in the Dungeon (Sprint IX: "|||||||||||||||||||||||||||||").
             The game lasted 00:02:56 (376 turns).

Denreik the Blocker (Formicid Fighter)               Turns: 376, Time: 00:02:57

Health: -13/35     AC:  8    Str: 22    XL:     4   Next: 5%
Magic:  4/4        EV: 14    Int:  7    God:    Makhleb [......]
Gold:   0          SH: 11    Dex: 10    Spells: 3/3 levels left

rFire    . . .     SeeInvis +   b - +2 halberd (venom)
rCold    . . .     Gourm    .   c - +0 shield
rNeg     . . .     Faith    .   v - +2 ring mail
rPois    .         Spirit   .   (helmet unavailable)
rElec    .         Reflect  .   (no cloak)
rCorr    .         Harm     .   u - +0 pair of gloves
MR       .....                  (no boots)
Stlth    ..........             (no amulet)
HPRegen  0.11/turn              w - +2 ring of evasion
MPRegen  0.09/turn              x - +2 ring of evasion

@: no status effects
A: permanent stasis, dig shafts and tunnels, four strong arms, antennae 3
a: Dig, Renounce Religion


You were in the Dungeon.
You worshipped Makhleb.
Makhleb was noncommittal.
You were not hungry.

You visited 1 branch

Inventory:

Hand Weapons
 a - a +4 quarterstaff of draining
 b - a +2 halberd of venom (weapon)
 r - a +2 dire flail of protection
Armour
 c - a +0 shield (worn)
 u - a +0 pair of gloves (worn)
 v - a +2 ring mail (worn)
Magical Staves
 q - an uncursed staff of energy
Jewellery
 w - a +2 ring of evasion (left hand)
 x - a +2 ring of evasion (right hand)
Wands
 p - a wand of iceblast (10)
Scrolls
 n - 3 scrolls of remove curse
 o - 2 scrolls of amnesia
Potions
 d - a potion of might
 e - 5 potions of curing
 g - 3 potions of heal wounds
 i - 4 potions of magic
 m - a potion of invisibility
Comestibles
 f - a ration


   Skills:
 - Level 3.2 Fighting
 - Level 2.0 Staves
 - Level 3.2 Armour
 * Level 9.3 Shields


You had 3 spell levels left.
You didn't know any spells.
Your spell library was empty.

Dungeon Overview and Level Annotations

Branches:
Dungeon (1/1)

Altars:
Cheibriados
Dithmenos
Elyvilon
Fedhas
Gozag
Hepliaklqana
Kikubaaqudgha
Makhleb
Nemelex Xobeh
Okawaru
Qazlal
Ru
Sif Muna
Trog
Uskayaw
Vehumet
Wu Jian
Xom
Yredelemnul
Zin
The Shining One
Beogh
Jiyva
Lugonu


Innate Abilities, Weirdness & Mutations

You cannot be hasted, slowed, berserked, paralysed or teleported.
You can dig through walls and to a lower floor.
Your four strong arms can wield two-handed weapons with a shield.
You have a pair of large antennae on your head. (SInv)


Message History

There is a burning altar of Makhleb here.
There is a corrupted altar of Lugonu here.
There is an ancient bone altar of Kikubaaqudgha here.
There is a viscous altar of Jiyva here.
There is a hazy altar of Hepliaklqana here.
You closely miss the two-headed ogre.
The two-headed ogre is moderately wounded.
You block the two-headed ogre's attack. The two-headed ogre closely misses you.
There is an opulent altar of Gozag here.
There is a blossoming altar of Fedhas here.
There is a white marble altar of Elyvilon here.
There is a shadowy altar of Dithmenos here.
Your +2 halberd of venom begins to drip with poison!
b - a +2 halberd of venom (weapon)
You slash the two-headed ogre!
The two-headed ogre looks as sick as possible!
The two-headed ogre is severely wounded.
The two-headed ogre hits you with a giant spiked club!!
Ouch! That really hurt!
You die... ▓▓▓▓▓▓▓▓▓▓▓▓▓▓▓▓▓▓▓▓▓▓▓▓▓▓▓▓▓▓▓▓▓ .'.....).....'__@Oc_OZ_a_________ ▓▓▓▓▓▓▓▓▓▓▓▓▓▓▓▓▓▓▓▓▓▓▓▓▓▓▓▓▓▓▓▓▓ {{{{{{{{{ {{{{ { {

You could see a two-headed ogre, an ogre, a centaur, a worker ant and a bat skeleton.

Vanquished Creatures
  A gnoll shaman (D)
  An adder (D)
  A dart slug (D)
  A leopard gecko (D)
  An orc (D)
  A giant cockroach (D)
  A goblin (D)
  A hobgoblin (D)
  A jackal zombie (D)
  A rat (D)
10 creatures vanquished.

Vanquished Creatures (others)
  A spatial maelstrom (D)
1 creature vanquished.

Grand Total: 11 creatures vanquished

Notes
Turn   | Place    | Note
-------+----------+-------------------------------------------
     0 | D        | Denreik the Formicid Fighter began the quest for the Orb.
     0 | D        | Reached XP level 1. HP: 18/18 MP: 1/1
     4 | D        | Reached skill level 4 in Shields
     9 | D        | Banished a spatial maelstrom
    11 | D        | Reached skill level 5 in Shields
    18 | D        | Reached XP level 2. HP: 17/24 MP: 2/2
    19 | D        | Reached skill level 6 in Shields
   105 | D        | Reached skill level 8 in Shields
   105 | D        | Reached XP level 3. HP: 20/29 MP: 3/3
   122 | D        | Reached skill level 9 in Shields
   122 | D        | Reached XP level 4. HP: 19/35 MP: 4/4
   268 | D        | Found a roughly hewn altar of Beogh.
   268 | D        | Found a snail-covered altar of Cheibriados.
   268 | D        | Found a shadowy altar of Dithmenos.
   268 | D        | Found a white marble altar of Elyvilon.
   268 | D        | Found a blossoming altar of Fedhas.
   268 | D        | Found an opulent altar of Gozag.
   269 | D        | Found a hazy altar of Hepliaklqana.
   270 | D        | Found a viscous altar of Jiyva.
   271 | D        | Found an ancient bone altar of Kikubaaqudgha.
   272 | D        | Found a corrupted altar of Lugonu.
   273 | D        | Found a burning altar of Makhleb.
   274 | D        | Found a sparkling altar of Nemelex Xobeh.
   275 | D        | Found an iron altar of Okawaru.
   276 | D        | Found a stormy altar of Qazlal.
   277 | D        | Found a sacrificial altar of Ru.
   278 | D        | Found a deep blue altar of Sif Muna.
   279 | D        | Found a bloodstained altar of Trog.
   280 | D        | Found a hide-covered altar of Uskayaw.
   281 | D        | Became a worshipper of Makhleb the Destroyer
   282 | D        | Found a radiant altar of Vehumet.
   283 | D        | Found an ornate altar of the Wu Jian Council.
   284 | D        | Found a shimmering altar of Xom.
   285 | D        | Found a basalt altar of Yredelemnul.
   286 | D        | Found a glowing silver altar of Zin.
   287 | D        | Found a glowing golden altar of the Shining One.
   339 | D        | Noticed a two-headed ogre
   339 | D        | Noticed a centaur
   339 | D        | Noticed an ogre
   376 | D        | Mangled by a two-headed ogre

Vault maps used:
D:        linesprint

Skill      XL: |  1  2  3 |
---------------+----------+-----
Shields        | 5 8 9 |  9.3
Fighting       | |  3.2
Staves         | |  2.0
Armour         | |  3.2

Action                   |  1- 3 |  4- 6 || total
-------------------------+-------+-------++-------
Melee: Quarterstaff      |    38 |     2 ||    40
       Halberd           |       |     2 ||     2
Armor: Scale mail        |     9 |       ||     9
Dodge: Dodged            |     5 |     4 ||     9
Block: Shield            |    18 |     1 ||    19

Table legend:
 A = Spawn XP
 B = Non-spawn XP
 C = Spawn XP percentage of total XP
 D = Spawn monster count
 E = Non-spawn monster count
 F = Spawn count percentage of total count
 G = Total turns spent on level
                    A         B        C        D         E        F      G
               +---------+---------+-------+---------+---------+-------+---------
         Total |       0 |      73 |   0.0 |       0 |      10 |   0.0 |   376
               +---------+---------+-------+---------+---------+-------+---------
             D |       0 |      73 |   0.0 |       0 |      10 |   0.0 |   376
               +---------+---------+-------+---------+---------+-------+---------
